 Dungeon Crawl Stone Soup version 0.31.0-32-g396128a36d (webtiles) character file.

Game seed: 8613424769670794686

129551 spaghetti the Planerender (level 17, -21/117 (121) HPs)
             Began as a Naga Summoner on Mar 11, 2024.
             Was an Initiate of Gozag.
             Demolished by a demonic crawler (22 damage)
             ... on level 2 of the Spider Nest.
             The game lasted 01:08:49 (40008 turns).

spaghetti the Planerender (Naga Summoner)          Turns: 40008, Time: 01:08:50

HP:   -21/117 (121) AC: 22    Str: 12    XL:     17   Next: 6%
MP:   6/38          EV:  5    Int: 34    God:    Gozag
Gold: 9169          SH:  0    Dex: 12    Spells: 5/33 levels left

rFire   + . .        H - +7 bardiche of the Special Quests {holy, Fly rPois MP+9 Stlth-}
rCold   . . .        (shield currently unavailable)
rNeg    . . .        G - +3 scale mail "Dism" {rF+ Stlth+}
rPois   +            m - +0 helmet
rElec   .            r - +0 cloak
rCorr   .            Z - +2 pair of gloves
SInv    +            y - +0 barding
Will    ++...        (no amulet)
Stlth   +            n - +6 ring of intelligence
HPRegen 0.39/turn    j - +6 ring of intelligence
MPRegen 0.26/turn

%: no passive effects
@: flying, very slightly contaminated, slowed, lightly drained, very slow
A: AC +5, large, see invisible, deformed body, poison resistance, slowness 2,
spit poison 2, naga tail 2, iridescent scales 1
a: Breathe Poison Gas, Renounce Religion, Potion Petition, Call Merchant, Bribe
Branch


You were on level 2 of the Spider Nest.
You worshipped Gozag.
Gozag was greatly pleased with you.
You visited 4 branches of the dungeon, and saw 23 of its levels.
You also visited: Ice Cave.

You collected 10568 gold pieces.
You spent 734 gold pieces at shops.
You paid 665 gold pieces to Gozag.

Inventory:

Hand Weapons
 u - the +7 Spriggan's Knife {stab, EV+4 Stlth+}
   (You found it on level 7 of the Dungeon)

   Stab:      It is more effective when stabbing unaware enemies, sometimes
   treating them as though they were completely helpless.
   EV+4:      It affects your evasion (+4).
   Stlth+:    It makes you more stealthy.
 H - the +7 bardiche of the Special Quests (weapon) {holy, Fly rPois MP+9 Stlth-}
   (You found it on level 7 of the Dungeon)

   rPois:     It protects you from poison MP+9: It affects your magic capacity
   (+9).
   Fly:       It grants you flight.
   Stlth-:    It makes you less stealthy.
Armour
 m - a +0 helmet (worn)
 r - a +0 cloak (worn)
 y - a +0 barding (worn)
 G - the +3 scale mail "Dism" (worn) {rF+ Stlth+}
   (You took it off a gnoll sergeant on level 7 of the Dungeon)

   rF+:       It protects you from fire.
   Stlth+:    It makes you more stealthy.
 Z - a +2 pair of gloves (worn)
Jewellery
 j - a +6 ring of intelligence (right hand)
 n - a +6 ring of intelligence (left hand)
 F - a ring of resist corrosion
 J - a ring of willpower
 R - a ring of willpower
 U - a +4 ring of protection
Wands
 o - a wand of polymorph (22)
 s - a wand of light (2)
 A - a wand of roots (11)
 L - a wand of flame (51)
 Q - a wand of paralysis (19)
 S - a wand of mindburst (18)
Scrolls
 c - 3 scrolls of revelation
 d - 4 scrolls of fog
 g - 4 scrolls of teleportation
 i - 4 scrolls of enchant weapon
 k - a scroll of silence {unknown}
 q - 4 scrolls of immolation
 w - 7 scrolls of poison
 x - 2 scrolls of butterflies
 D - 2 scrolls of enchant armour
 I - 2 scrolls of vulnerability
 K - 6 scrolls of noise
 M - 4 scrolls of amnesia
 N - 3 scrolls of torment
 V - a scroll of fear
Potions
 b - a potion of magic
 e - a potion of degeneration
 l - 6 potions of curing
 p - 6 potions of mutation
 t - 4 potions of lignification
 v - 4 potions of haste
 C - 2 potions of resistance
 E - 2 potions of enlightenment
 O - 3 potions of brilliance
 P - 2 potions of cancellation
 T - 8 potions of ambrosia
 W - 5 potions of might {unknown}
 X - 2 potions of attraction {unknown}
 Y - a potion of berserk rage {unknown}
Miscellaneous
 B - a sack of spiders (inert)


   Skills:
 - Level 1.5 Dodging
 - Level 3.0 Stealth
 + Level 8.9 Spellcasting
 O Level 27 Summonings
 + Level 4.9 Necromancy
 - Level 2.8 Fire Magic


You had 5 spell levels left.
You knew the following spells:

 Your Spells              Type           Power      Damage    Failure   Level
a - Summon Small Mammal   Summ           100%       N/A       0%          1
b - Call Imp              Summ           100%       N/A       0%          2
c - Call Canine Familiar  Summ           100%       N/A       0%          3
d - Summon Blazeheart Go  Fire/Summ      86%        N/A       1%          4
e - Summon Lightning Spi  Summ/Air       82%        N/A       1%          4
f - Monstrous Menagerie   Summ           57%        N/A       1%          7
g - Haunt                 Necr/Summ      44%        N/A       21%         7

Your spell library contained the following spells:

 Spells                   Type           Power      Damage    Failure   Level
 Summon Ice Beast         Ice/Summ       82%        N/A       1%          3
 Summon Forest            Summ/Tloc      41%        N/A       1%          5
 Summon Mana Viper        Hex/Summ       82%        N/A       1%          5
 Scorch                   Fire           68%        2d7       8%          2
 Ensorcelled Hibernation  Hex/Ice        30%        N/A       26%         2
 Lesser Beckoning         Tloc           30%        N/A       26%         2
 Volatile Blastmotes      Fire/Tloc      50%        2d14      26%         3
 Dazzling Flash           Conj/Hex       30%        N/A       45%         3
 Passwall                 Erth           15%        N/A       45%         3
 Swiftness                Air            15%        N/A       45%         3
 Flame Wave               Conj/Fire      25%        2d8       65%         4
 Borgnjor's Vile Clutch   Necr/Erth      16%        N/A       86%         5
 Summon Cactus Giant      Summ           57%        N/A       1%          6
 Summon Hydra             Summ           57%        N/A       1%          7
 Death Channel            Necr           24%        N/A       97%         6
 Eringya's Noxious Bog    Alch           7%         4d6       100%        6
 Starburst                Conj/Fire      12%        6d5       100%        6
 Maxwell's Capacitive Co  Air            7%         ∞         100%        8
 Animate Dead             Necr           Unusable   N/A       N/A         4

Dungeon Overview and Level Annotations

Branches:
Dungeon (15/15)            Temple (1/1) D:6            Lair (5/5) D:9
  Swamp (0/4) Lair:3       Spider (2/4) Lair:3        Slime (0/5) Lair:5
 Vaults (0/5) D:13         Depths (0/4) D:15          IceCv (visited)
    Orc: D:9-12

Altars:
Ashenzari
Cheibriados
Dithmenos
Elyvilon
Fedhas
Gozag
Hepliaklqana
Kikubaaqudgha
Makhleb
Nemelex Xobeh
Okawaru
Qazlal
Ru
Sif Muna
Trog
Uskayaw
Vehumet
Wu Jian
Xom
Yredelemnul
Zin
The Shining One
Jiyva

Shops:
D:1 [   D:8 =   D:10 :


Innate Abilities, Weirdness & Mutations

Your serpentine skin is tough. (AC +5)
You have supernaturally acute eyesight. (SInv)
Armour fits poorly on your strangely shaped body.
Your system is resistant to poisons. (rPois)
You cover ground very slowly.
You can exhale a cloud of poison.
You can use your snake-like lower body to constrict enemies.
You are partially covered in iridescent scales. (AC +2)


Message History

The demonic crawler hits your lindwurm!! x2
Your lindwurm dies!
Your lindwurm's corpse disappears in a puff of smoke!
The moth of wrath bites your wraith!!
Your wraith is destroyed!
Your wraith disappears in a puff of smoke!
The demonic crawler hits you but does no damage. x3
Something bites your shadow wraith.
You hit the demonic crawler.
The demonic crawler convulses!
Your grab misses the demonic crawler.
The demonic crawler is lightly wounded.
The demonic crawler hits you! The demonic crawler closely misses you.
The demonic crawler hits you but does no damage.
The demonic crawler hits you. x2
The demonic crawler hits you but does no damage.
The demonic crawler hits you!
* * * LOW HITPOINT WARNING * * *
The demonic crawler barely misses you. The demonic crawler hits you!
* * * LOW HITPOINT WARNING * * *
The demonic crawler barely misses you.
The demonic crawler hits you but does no damage.
The demonic crawler hits you.
* * * LOW HITPOINT WARNING * * *
Your wraith completely misses the moth of wrath.
Your wraith barely misses the moth of wrath.
The demonic crawler hits you but does no damage. x2
The demonic crawler hits you.
* * * LOW HITPOINT WARNING * * *
Your wraith hits the moth of wrath!
Your shadow wraith barely misses the moth of wrath.
The torpor snail bites you but does no damage.
Your wraith hits the moth of wrath!
Your wraith drains the moth of wrath's vigour!
The moth of wrath seems to slow down.
The demonic crawler hits you!
* * * LOW HITPOINT WARNING * * *
The demonic crawler hits you.
* * * LOW HITPOINT WARNING * * *
The demonic crawler hits you!!
You die...
Your body crumbles into a pile of gold.

.^........ #..
................
..........#.^#..
..#.........#......
.............^...WW..#..
...............W.W.....#
......##........yW......
...............ws#......
...#....^.......@...#
.....#....#.......^#...^
........#^..............
..#..........(.........#
................^.......
................#.......
#.....#..#..............
##....##.......#.....!#.
#........#...#........


You could see a torpor snail, a demonic crawler (berserk), a moth of wrath
(slow, ally target), a friendly shadow wraith (summoned, invisible, slow) and 4
friendly wraiths.

Vanquished Creatures
  A frost giant (IceCv)
  A spark wasp (Spider:1)
  A vault guard (D:13)
  A two-headed ogre (D:15)
  6 death yaks
  Urug (D:13)
  2 ugly things
  4 meliai
  2 torpor snails (Lair:5)
  A cane toad (Lair:5)
  A gargoyle (D:7)
  An unseen horror (D:12)
  2 hornets
  A tyrant leech (Lair:5)
  2 tarantellas (Spider:1)
  3 blink frogs (Lair:5)
  A slime creature (D:12)
  A wyvern (D:7)
  15 yaks
  4 redbacks
  Edmund (D:4)
  An acid dragon (D:8)
  2 orc warriors
  An ogre (D:6)
  8 centaurs
  A wolf (Lair:5)
  A kobold brigand (D:6)
  9 bullfrogs
  A scorpion (D:7)
  9 killer bees (D:12)
  2 howler monkeys (D:12)
  3 electric eels
  2 bombardier beetles
  A jelly (D:4)
  3 hounds
  A sleepcap (D:6)
  Terence (D:3)
  Natasha (twice) (D:2)
  2 iguanas (D:5)
  4 orc wizards
  2 gnolls (D:8)
  A river rat (D:9)
  3 adders
  A shadow imp (D:6)
  2 white imps (D:6)
  2 dart slugs
  3 ribbon worms
  16 orcs
  4 bats
  An endoplasm (D:2)
  3 giant cockroaches
  4 goblins
  2 hobgoblins
  3 jackals (D:2)
  5 kobolds
  5 quokkas
  2 frilled lizards
  2 rats
167 creatures vanquished.

Vanquished Creatures (collateral kills)
  Jorgrun (D:14)
  Aizul (Spider:1)
  Nessos (Lair:4)
  Snorg (D:13)
  2 fire dragons (Lair:5)
  An entropy weaver (shapeshifter) (D:13)
  7 vault guards (D:13)
  An ogre mage (D:15)
  3 hydras
  An ice dragon (D:15)
  An alligator (Lair:5)
  3 boulder beetles
  2 death knights
  5 centaur warriors
  6 two-headed ogres
  17 death yaks
  5 demonic crawlers (Spider:1)
  3 radroaches
  A skeletal warrior (D:14)
  2 pharaoh ants
  3 skysharks
  3 orb spiders (Spider:2)
  A swamp dragon (Lair:5)
  3 steelbarb worms (Spider:1)
  2 phantasmal warriors (D:14)
  3 lindwurms
  6 wolf spiders
  A manticore (D:14)
  3 ugly things
  6 cyclopes
  An ice statue (IceCv)
  5 meliai
  2 moths of wrath (Spider:1)
  3 black mambas
  11 cane toads
  4 torpor snails
  An efreet (D:14)
  15 komodo dragons
  8 nameless horrors
  9 rime drakes
  2 tengu conjurers (D:14)
  2 ice devils (Lair:2)
  6 polar bears
  A queen bee (D:12)
  8 hornets
  5 trolls
  22 blink frogs
  11 tarantellas
  6 dream sheep (Lair:4)
  2 tyrant leeches (Lair:5)
  15 slime creatures
  Sigmund (D:4)
  4 water elementals
  15 jumping spiders
  9 spriggans (Lair:1)
  8 culicivoras
  The ghost of spaghetti the Covert, an amateur NaDe (D:7)
  5 wyverns
  7 basilisks
  2 wraiths (D:14)
  56 yaks
  8 steam dragons (Lair:3)
  Menkaure (D:4)
  27 redbacks
  6 vampire mosquitoes
  9 acid dragons
  14 water moccasins
  An orc warrior (D:10)
  An ice beast (D:8)
  6 black bears
  6 ogres
  17 wolves
  A phantom (D:4)
  13 centaurs
  A kobold brigand (D:7)
  A bullfrog (shapeshifter) (D:13)
  11 bullfrogs
  A gnoll sergeant (D:7)
  5 wights (D:8)
  16 killer bees
  A bombardier beetle (D:4)
  4 electric eels
  3 orc priests
  A hound (D:7)
  3 jellies
  2 sleepcaps
  7 iguanas
  Natasha (D:2)
  2 orc wizards
  A gnoll (D:8)
  2 adders (D:2)
  A shadow imp (D:5)
  4 white imps
  2 ufetubi (D:6)
  A ribbon worm (D:2)
  2 dart slugs
  25 orcs
  3 bats
  6 endoplasms
  2 giant cockroaches (D:2)
  5 goblins
  3 hobgoblins
  3 jackals (D:4)
  A quokka (D:9)
  4 ball pythons
  A frilled lizard (D:3)
  3 kobolds
  4 rats
584 creatures vanquished.

Vanquished Creatures (others)
  An ice dragon (D:15)
  A boulder beetle (Lair:1)
  A redback (Spider:2)
  8 blazeheart cores
11 creatures vanquished.

Grand Total: 762 creatures vanquished

Notes
Turn   | Place    | Note
-------+----------+-------------------------------------------
     0 | D:1      | spaghetti the Naga Summoner began the quest for the Orb.
     0 | D:1      | Reached XP level 1. HP: 15/15 MP: 3/3
   382 | D:1      | Reached XP level 2. HP: 22/22 MP: 1/5
   543 | D:1      | Learned a level 2 spell: Call Imp
   772 | D:1      | Found a faded altar of an unknown god.
   772 | D:1      | Noticed an eye of devastation
   776 | D:1      | Noticed a shining eye
   776 | D:1      | Noticed a shining eye
   776 | D:1      | Noticed a great orb of eyes
   977 | D:1      | Found Loonag's Armour Shoppe.
  1138 | D:2      | Reached XP level 3. HP: 28/28 MP: 2/6
  1162 | D:2      | Reached skill level 5 in Summonings
  1170 | D:2      | Gained mutation: You can exhale a cloud of poison. [potion
                  | of mutation]
  1170 | D:2      | Gained mutation: You are partially covered in iridescent
                  | scales. (AC +2) [potion of mutation]
  1178 | D:2      | Learned a level 3 spell: Call Canine Familiar
  1259 | D:2      | Reached XP level 4. HP: 36/36 MP: 1/7
  1313 | D:2      | Found the +3 pair of mountain boots {steadfast, rC+}
  1316 | D:2      | Noticed Natasha
  1329 | D:2      | Killed Natasha
  1427 | D:2      | Noticed Natasha
  1431 | D:2      | Killed Natasha
  1432 | D:2      | Reached skill level 6 in Summonings
  1595 | D:2      | Noticed Natasha
  1598 | D:2      | Killed Natasha
  1599 | D:2      | Reached XP level 5. HP: 36/42 MP: 8/8
  2288 | D:3      | Reached skill level 7 in Summonings
  2299 | D:3      | Reached XP level 6. HP: 47/49 MP: 3/9
  2664 | D:3      | Noticed Terence
  2669 | D:3      | Killed Terence
  2899 | D:3      | Found a shadowy altar of Dithmenos.
  3369 | D:4      | Noticed Menkaure
  3377 | D:4      | Killed Menkaure
  3378 | D:4      | Reached skill level 8 in Summonings
  3378 | D:4      | Reached XP level 7. HP: 30/55 MP: 4/10
  3600 | D:4      | Reached skill level 9 in Summonings
  3960 | D:4      | Noticed Edmund
  4010 | D:4      | Killed Edmund
  4022 | D:4      | Reached XP level 8. HP: 62/62 MP: 1/11
  4203 | D:4      | Reached skill level 10 in Summonings
  4294 | D:4      | Noticed Sigmund
  4301 | D:4      | Killed Sigmund
  4500 | D:4      | Found a blossoming altar of Fedhas.
  4712 | D:5      | Entered Level 5 of the Dungeon
  5049 | D:1      | Bought a +0 barding for 230 gold pieces
  5059 | D:1      | Learned a level 4 spell: Summon Blazeheart Golem
  5064 | D:1      | Learned a level 4 spell: Summon Lightning Spire
  5196 | D:5      | Reached skill level 1 in Fire Magic
  5981 | D:6      | Found a staircase to the Ecumenical Temple.
  6177 | D:6      | Noticed a yak
  6179 | D:6      | Noticed a yak
  6179 | D:6      | Noticed a yak
  6189 | D:6      | Killed a yak
  6205 | D:6      | Killed a yak
  6206 | D:6      | Reached XP level 9. HP: 68/68 MP: 2/15
  6231 | D:6      | Reached skill level 11 in Summonings
  7271 | D:6      | Reached skill level 12 in Summonings
  7410 | D:6      | Found an ornate altar of the Wu Jian Council.
  7450 | D:6      | Found a hazy altar of Hepliaklqana.
  7499 | D:7      | Noticed a purple ugly thing
  7500 | D:7      | Noticed a brown ugly thing
  7501 | D:7      | Noticed a gargoyle
  7512 | D:7      | Identified the +3 scale mail "Dism" {rF+ Stlth+}
  7515 | D:7      | Killed a brown ugly thing
  7584 | D:7      | Reached skill level 13 in Summonings
  7785 | D:7      | Killed a gargoyle
  7786 | D:7      | Reached XP level 10. HP: 75/75 MP: 8/16
  7845 | D:7      | Found the +7 Spriggan's Knife {stab, EV+4 Stlth+}
  7855 | D:7      | Identified the staff of the Valley of Death {rC+ Str+5
                  | Hexes Ice}
  7860 | D:7      | Identified the +1 dagger of Amorality {freeze, Stlth+}
  7860 | D:7      | Identified the +7 bardiche of the Special Quests {holy, Fly
                  | rPois MP+9 Stlth-}
  7904 | D:7      | Killed a brown ugly thing
  8075 | D:7      | Reached skill level 14 in Summonings
  8372 | D:7      | Found a runed translucent gate.
  8372 | D:7      | Found a runed translucent gate.
  8373 | D:7      | Found a runed translucent gate.
  8373 | D:7      | Found an opulent altar of Gozag.
  8376 | D:7      | Noticed spaghetti's ghost (amateur NaDe)
  8611 | D:7      | Found a broken altar of Ashenzari.
  9275 | Temple   | Entered the Ecumenical Temple
  9365 | D:7      | Killed spaghetti's ghost
  9370 | D:7      | Reached skill level 15 in Summonings
  9487 | D:7      | Became a worshipper of Gozag Ym Sagoz the Greedy
  9508 | D:8      | Found Muopaub's Jewellery Boutique.
 10221 | D:8      | Reached XP level 11. HP: 81/81 MP: 6/17
 11204 | D:9      | Reached skill level 16 in Summonings
 11218 | D:9      | Noticed a death yak
 11223 | D:9      | Noticed a death yak
 11233 | D:9      | Noticed a death yak
 11238 | D:9      | Killed a death yak
 11247 | D:9      | Killed a death yak
 11250 | D:9      | Killed a death yak
 11470 | D:9      | Found a staircase to the Lair.
 11513 | D:9      | Reached skill level 17 in Summonings
 11648 | D:9      | Found a sparkling altar of Nemelex Xobeh.
 11651 | D:9      | Found an iron altar of Okawaru.
 11705 | D:9      | Found a snail-covered altar of Cheibriados.
 12053 | D:10     | Entered Level 10 of the Dungeon
 12141 | D:10     | Found a hide-covered altar of Uskayaw.
 12858 | D:10     | Found Feohaw's Book Shop.
 12909 | D:10     | Bought the Excursus on the Mortuary Singularity for 504
                  | gold pieces
 13402 | D:11     | Noticed a cyclops
 13408 | D:11     | Killed a cyclops
 13409 | D:11     | Reached skill level 18 in Summonings
 13498 | D:12     | Reached XP level 12. HP: 76/88 MP: 11/18
 13556 | D:12     | Noticed a two-headed ogre
 13572 | D:12     | Killed a two-headed ogre
 13951 | D:12     | Noticed a two-headed ogre
 13970 | D:12     | Killed a two-headed ogre
 14405 | D:12     | Reached skill level 19 in Summonings
 14532 | D:12     | Found a glowing golden altar of the Shining One.
 15314 | D:13     | Noticed Snorg
 15319 | D:13     | Killed Snorg
 15320 | D:13     | Reached skill level 5 in Spellcasting
 15336 | D:13     | Learned a level 7 spell: Monstrous Menagerie
 15547 | D:13     | Noticed a centaur warrior
 15557 | D:13     | Killed a centaur warrior
 15914 | D:13     | Identified the +2 scale mail "Ylivie" {rF+ rCorr Str+3
                  | Dex+3}
 15925 | D:13     | Noticed Urug
 15925 | D:13     | Noticed a vault guard
 15927 | D:13     | Noticed a vault guard
 15928 | D:13     | Noticed a vault guard
 15931 | D:13     | Noticed a vault guard
 15932 | D:13     | Killed Urug
 15933 | D:13     | Reached skill level 20 in Summonings
 15937 | D:13     | Noticed a vault guard
 15937 | D:13     | Noticed a vault guard
 15939 | D:13     | Killed a vault guard
 15940 | D:13     | Gained mutation: You can use your snake-like lower body to
                  | constrict enemies. [Naga growth]
 15940 | D:13     | Reached XP level 13. HP: 78/94 MP: 2/21
 15949 | D:13     | Found a gate to the Vaults.
 15953 | D:13     | Noticed a vault guard
 16150 | Lair:1   | Entered Level 1 of the Lair of Beasts
 16605 | Lair:1   | Identified 2 scrolls of acquirement
 16606 | Lair:1   | Acquired 1257 gold pieces
 16608 | Lair:1   | Acquired 1204 gold pieces
 17481 | Lair:1   | Reached skill level 21 in Summonings
 18513 | Lair:2   | Found a frozen archway.
 18577 | IceCv    | Entered an ice cave
 18955 | IceCv    | Reached skill level 22 in Summonings
 19199 | IceCv    | Reached XP level 14. HP: 101/102 MP: 8/22
 19386 | IceCv    | Noticed a frost giant
 19396 | IceCv    | Killed a frost giant
 20398 | Lair:2   | Reached skill level 23 in Summonings
 21778 | Lair:3   | Found a staircase to the Swamp.
 22218 | Lair:3   | Identified the +6 quarterstaff of Tuvvim {heavy, rC++}
 22760 | Lair:3   | You are sucked into a shaft and drop 1 floor!
 23120 | Lair:4   | Identified the +1 chain mail of Spite {rN+ Str+2}
 23168 | Lair:4   | Reached skill level 24 in Summonings
 24116 | Lair:4   | Noticed Nessos
 24122 | Lair:4   | Killed Nessos
 24123 | Lair:4   | Reached XP level 15. HP: 51/108 MP: 7/23
 24510 | Lair:5   | Entered Level 5 of the Lair of Beasts
 24953 | Lair:5   | HP: 2/108 [blink frog (13)]
 25748 | Lair:5   | Reached skill level 25 in Summonings
 26772 | Lair:5   | Identified the +7 whip "Umyk" {pain, Str-5 Int+2 Dex+3
                  | SInv}
 26997 | Lair:5   | Found a viscous altar of Jiyva.
 26997 | Lair:5   | Found a staircase to the Slime Pits.
 30103 | D:14     | Reached skill level 26 in Summonings
 30553 | D:14     | Reached XP level 16. HP: 115/115 MP: 19/24
 30962 | D:14     | Noticed Jorgrun
 30969 | D:14     | Killed Jorgrun
 31680 | D:15     | Entered Level 15 of the Dungeon
 33037 | D:15     | Found a staircase to the Depths.
 33234 | D:15     | Found a sacrificial altar of Ru.
 34343 | Lair:3   | Identified the +5 shortbow "Lejups" {flame, Str-3 Dex+7}
 34374 | Lair:3   | Found a hole to the Spider Nest.
 34678 | Spider:1 | Entered Level 1 of the Spider Nest
 34773 | Spider:1 | Reached skill level 27 in Summonings
 35105 | Spider:1 | Identified the serpent talisman of Dehinwe {MP+9 Dex+3}
 35105 | Spider:1 | Noticed Aizul
 35110 | Spider:1 | Killed Aizul
 35782 | Spider:1 | Learned a level 7 spell: Haunt
 35824 | Spider:1 | Reached skill level 1 in Necromancy
 38345 | Spider:2 | Reached XP level 17. HP: 56/121 MP: 5/29
 40008 | Spider:2 | HP: 4/117 [demonic crawler (9)]
 40008 | Spider:2 | HP: 1/117 [demonic crawler (3)]
 40008 | Spider:2 | Demolished by a demonic crawler

Illustrated notes

Levels and vault maps discovered:
D:1:      minmay_arrival_diagonal_passages, layout_loops_ring,
          hellmonk_ecumenical_altar_watching_god, serial_shops, shop
D:2:      layout_rooms, grunt_decor_mini_mirrors, uniq_natasha
D:3:      layout_rooms, nicolae_overflow_hidden_temple, uniq_terence
D:4:      layout_gridville, fedhas_altar_3, uniq_sigmund, uniq_edmund,
          uniq_menkaure
D:5:      layout_basic
D:6:      minmay_razor_zed, layout_basic, jmf_multi_god_temple2,
          minmay_temple_entry_waves, nrook_campfire
D:7:      minmay_the_grid_octo_triangle [minmay_the_grid_octo_clover_2,
          minmay_the_grid_octo_prize_square_snowflake,
          minmay_the_grid_octo_toaster], layout_basic,
          nicolae_ashenzari_skybound, ebering_ghost_gozag, kennysheep_dice
D:8:      layout_basic, serial_shops, shop, kennysheep_generic_room_7
D:9:      layout_roguey, slow_altar_1, minitemple, dpeg_lair_monsters
D:10:     layout_gridville, nicolae_uskayaw_dance_hall, serial_shops,
          nicolae_lakefront_shop, kennysheep_flooded_box,
          ebering_dispersal_statue_hall
D:11:     layout_basic, david_orc_1_choice, serial_ice, serial_ice_e,
          serial_ice_l, serial_ice_f, serial_ice_d
D:12:     layout_loops_cross, special_room [special_room_bee],
          gauntlet_entry_generic, kennysheep_nondescript,
          nicolae_tso_swordbearing_angel
D:13:     layout_basic, erik_vaults_2, uniq_snorg, uniq_urug
D:14:     layout_irregular_city, nicolae_twisty_statue_hallways, uniq_jorgrun
D:15:     grunt_enter_depths_hoard, layout_long_grid, nicolae_ru_path_of_blood
Temple:   hellmonk_temple_forest_ring
Lair:1:   kb_forest_paths, layout_regular_city
Lair:2:   layout_gridlike, portal_ice_cave_demonic_guard, lemuel_fruit_tree
Lair:3:   layout_regular_city, swamp_mist, dummy_spider_entry,
          bobbens_dragon_lair_wall, serial_bayou_shore_a,
          infiniplex_staircase_pool, grunt_megastairs_2
Lair:4:   layout_roguey, uniq_nessos
Lair:5:   guppyfry_lair_end_dragon, layout_gridlike, wormcave,
          dpeg_slime_entry_enclosed, infiniplex_staircase_pool_2
Spider:1: layout_spider_delve, uniq_aizul
Spider:2: layout_spider_delve, guppyfry_spider_mini_3

Skill      XL: |  1  2  3  4  5  6  7  8  9 10 11 12 13 14 15 16 |
---------------+-------------------------------------------------+-----
Summonings     | 5 6 7 8 9 10 13 15 18 20 22 24 26 27 | 27.0
Spellcasting   | 4 5 8 |  8.9
Fire Magic     | 2 |  2.8
Necromancy     | 4 |  4.9
Dodging        | |  1.5
Stealth        | |  3.0

Action                     |  1- 3 |  4- 6 |  7- 9 | 10-12 | 13-15 | 16-18 || total
---------------------------+-------+-------+-------+-------+-------+-------++-------
  Melee: Unarmed           |    20 |       |       |       |       |       ||    20
         Whip              |    18 |    12 |    28 |       |       |       ||    58
         Dagger            |       |       |    11 |       |       |       ||    11
         Knife             |       |       |       |    97 |       |       ||    97
         Punch             |       |       |       |     1 |       |       ||     1
         Bardiche          |       |       |       |       |    61 |    54 ||   115
         Constrict         |       |       |       |       |    20 |    17 ||    37
   Cast: Summon Small Mamm |    27 |     4 |    23 |    15 |     8 |     4 ||    81
         Call Imp          |    13 |    21 |    32 |    40 |    12 |    10 ||   128
         Call Canine Famil |     2 |    18 |    25 |    53 |    16 |    12 ||   126
         Summon Lightning  |       |       |     9 |    21 |    56 |    30 ||   116
         Summon Blazeheart |       |       |     6 |    15 |    12 |     2 ||    35
         Monstrous Menager |       |       |       |    11 |   252 |   129 ||   392
         Haunt             |       |       |       |       |       |    30 ||    30
 Invoke: Potion Petition   |       |       |       |       |     1 |       ||     1
Ability: Spit Poison       |    10 |       |       |       |       |       ||    10
         Breathe Poison Ga |       |    19 |    27 |    61 |     8 |     2 ||   117
  Evoke: Sack of spiders   |       |       |       |     1 |     1 |     1 ||     3
    Use: Potion            |     6 |       |       |     1 |     8 |     1 ||    16
         Scroll            |       |     6 |     1 |     3 |    20 |     2 ||    32
   Stab: Sleeping          |     1 |       |       |       |       |       ||     1
         Distracted        |       |       |       |     8 |     1 |     1 ||    10
         Paralysed         |       |       |       |       |     1 |       ||     1
 Armour: Robe              |    63 |    17 |    41 |       |       |       ||   121
         Scale mail        |       |       |       |   174 |   242 |   363 ||   779
  Dodge: Dodged            |    60 |    12 |    24 |    83 |    46 |    60 ||   285
